 Dungeon Crawl Stone Soup version 0.30-a0-808-g6e0788376e (webtiles) character file.

Game seed: 5626931395655357229

429 Firecrotchwizard the Digger (level 6, -5/32 HPs)
             Began as a Gargoyle Earth Elementalist on Feb 26, 2023.
             Slain by an ogre
             ... wielding a +0 giant club
              (29 damage)
             ... on level 5 of the Dungeon.
             The game lasted 00:09:30 (3297 turns).

Firecrotchwizard the Digger (GrEE)                  Turns: 3297, Time: 00:09:31

Health: -5/32      AC: 12    Str: 12    XL:     6   Next: 98%
Magic:  10/11      EV: 11    Int: 17    God:
Gold:   216        SH:  0    Dex: 10    Spells: 8/12 levels left

rFire   . . .      SeeInvis .    k - +2 whip (venom)
rCold   . . .      Faith    .    (no shield)
rNeg    + . .      Spirit   .    a - +0 robe
rPois   ∞          Reflect  .    (no helmet)
rElec   +          Harm     .    o - +0 cloak
rCorr   .          Rampage  .    (no gloves)
Will    .....                    p - +0 pair of boots
Stlth   ++                       b - amulet of the acrobat
HPRegen 0.25/turn                A - +4 ring of protection
MPRegen 0.12/turn                (no ring)

@: no status effects
A: sickness immunity, AC +4, negative energy resistance 1, electricity
resistance, torment resistance 1, petrification resistance
a: no special abilities


You were on level 5 of the Dungeon.
You visited 1 branch of the dungeon, and saw 5 of its levels.

You collected 216 gold pieces.

Inventory:

Hand Weapons
 e - a +0 dagger of chaos
   (You took it off a goblin on level 1 of the Dungeon)
 k - a +2 whip of venom (weapon)
   (You took it off a gnoll on level 1 of the Dungeon)
Missiles
 n - 8 poisoned darts
 r - 4 curare-tipped darts
 s - 26 stones (quivered)
Armour
 a - a +0 robe (worn)
 g - a +0 plate armour
   (You found it on level 1 of the Dungeon)
 i - a +2 chain mail of positive energy
   (You found it on level 1 of the Dungeon)
 o - a +0 cloak (worn)
   (You found it on level 4 of the Dungeon)
 p - a +0 pair of boots (worn)
   (You found it on level 3 of the Dungeon)
Jewellery
 b - an amulet of the acrobat (around neck)
   (You found it on level 1 of the Dungeon)
 f - a ring of fire {rF+, rC-}
   (You found it on level 1 of the Dungeon)
 A - a +4 ring of protection (left hand)
   (You found it on level 3 of the Dungeon)
Wands
 d - a wand of digging (6)
   (You found it on level 2 of the Dungeon)
Scrolls
 j - a scroll of amnesia
 m - a scroll of identify {@r1}
 E - a scroll of fear
 Y - a scroll of teleportation {@r3}
Potions
 c - a potion of degeneration {unknown}
 h - 2 potions of attraction {!q}
 l - a potion of mutation {unknown}
 q - a potion of berserk rage {unknown}
 J - 2 potions of curing {@q1}
 M - a potion of magic
 P - 2 potions of lignification {!q}


   Skills:
 - Level 1.5 Dodging
 - Level 2.1 Stealth
 + Level 3.6 Spellcasting
 + Level 2.2 Conjurations
 - Level 2.0 Transmutations
 * Level 6.9 Earth Magic


You had 8 spell levels left.
You knew the following spells:

 Your Spells              Type           Power      Damage    Failure   Level
a - Sandblast             Erth           52%        2d12      1%          1
x - Stone Arrow           Conj/Erth      36%        3d9       8%          3

Your spell library contained the following spells:

 Spells                   Type           Power      Damage    Failure   Level
 Passwall                 Tmut/Erth      15%        N/A       3%          2
 Beastly Appendage        Tmut           20%        N/A       7%          1
 Wereblood                Tmut           10%        N/A       11%         2
 Petrify                  Tmut/Erth      18%        N/A       26%         4
 Spider Form              Tmut/Pois      6%         N/A       32%         3


Dungeon Overview and Level Annotations

Branches:
Dungeon (5/15)
 Temple: D:4-7

Altars:
Dithmenos
Elyvilon

Shops:
D:2 :((*:

Annotations:
D:3 2 transporters
D:4 Eustachio, Sigmund


Innate Abilities, Weirdness & Mutations

You are immune to sickness and miasma.
Your stone body is resilient. (AC +4)
You are immune to poison.
You resist negative energy. (rN+)
You are resistant to electric shocks. (rElec)
You are resistant to unholy torment.
You are immune to petrification.


Message History

The orc looks more healthy.
The orc closely misses you.
You see here a +0 mace.
You hit the orc.
You kill the orc!
Found a stone staircase leading up.
Things that are here:
a +0 club; an orc corpse
Things that are here:
a +0 dagger; a +0 robe You now have 206 gold pieces (gained 16).
Found a stone staircase leading down.
Health restored: 32; MP restored: 11 A scorpion comes into view.
The scorpion moves out of view.
The scorpion completely misses you.
You see here an orange potion.
You closely miss the scorpion.
The scorpion stings you but does no damage.
You hit the scorpion but do no damage. The scorpion barely misses you.
You barely miss the scorpion. The scorpion stings you.
You take 2 damage, and have 30/32 hp.
You hit the scorpion but do no damage.
The scorpion stings you but does no damage. x2
You closely miss the scorpion.
The scorpion stings you but does no damage.
You hit the scorpion. The scorpion closely misses you.
You barely miss the scorpion. The scorpion stings you. x2
You take 6 damage, and have 25/32 hp.
You closely miss the scorpion. The scorpion closely misses you.
You hit the scorpion.
The scorpion is poisoned.
The scorpion stings you.
You barely miss the scorpion.
The scorpion stings you but does no damage.
The scorpion misses you.
You barely miss the scorpion.
The scorpion stings you but does no damage.
You hit the scorpion but do no damage.
The scorpion looks as sick as possible!
You kill the scorpion!
Your Conjurations skill increases to level 2!
You see here a scorpion corpse.
q - an orange potion Health restored: 32 2 gnolls come into view.
The gnoll shouts!
You hit the gnoll. The gnoll hits you with a +0 whip.
You take 6 damage, and have 26/32 hp.
You hit the gnoll.
The gnoll is poisoned.
The gnoll closely misses you.
You barely miss the gnoll. The gnoll hits you with a +0 whip.
You take 1 damage, and have 25/32 hp.
You hit the gnoll.
The gnoll looks as sick as possible!
The gnoll barely misses you.
You hit the gnoll.
The gnoll looks as sick as possible!
You kill the gnoll!
You whack the gnoll!
The gnoll is poisoned.
The gnoll closely misses you.
You barely miss the gnoll. The gnoll hits you with a +0 whip.
You take 5 damage, and have 20/32 hp.
You closely miss the gnoll. The gnoll closely misses you.
You barely miss the gnoll. The gnoll hits you but does no damage.
You hit the gnoll.
You kill the gnoll!
A gnoll comes into view. It is wielding a +0 flail.
Things that are here:
a +0 whip; a +0 whip; a gnoll corpse A gnoll is nearby!
You start resting.
Health restored: 32
Things that are here:
a +0 whip; a +0 whip; a gnoll corpse A gnoll is nearby!
The gnoll shouts!
You hit the gnoll.
The gnoll is poisoned.
The gnoll closely misses you.
You hit the gnoll.
The gnoll looks as sick as possible!
The gnoll hits you with a +0 flail.
You take 5 damage, and have 27/32 hp.
You hit the gnoll but do no damage.
The gnoll looks as sick as possible!
The gnoll barely misses you.
You barely miss the gnoll.
You kill the gnoll!
Things that are here:
a +0 flail; a gnoll corpse
r - 4 curare-tipped darts Health restored: 32 You now have 216 gold pieces (gained 10).
An ogre comes into view. It is wielding a +0 giant club.
Aim: an ogre, wielding a +0 giant club (92% to hit)
The blast of sand hits the ogre.
You now have 10/11 mp.
Aim: an ogre, wielding a +0 giant club (lightly wounded, 92% to hit)
The blast of sand misses the ogre.
The ogre barely misses you.
You now have 9/11 mp.
You hit the ogre.
The ogre is poisoned.
The ogre barely misses you.
You hit the ogre.
The ogre looks as sick as possible!
The ogre hits you with a +0 giant club!
You take 9 damage, and have 23/32 hp.
MASSIVE DAMAGE!!
You completely miss the ogre. The ogre closely misses you.
You hit the ogre. You barely miss the ogre.
The ogre hits you with a +0 giant club!!
Ouch! That really hurt!
You die...

# #. #.. #..####
....#########
#O.........#
#.@........#
#..........#
#.##..#####
###....##
########..##..#
#.#...........#
#>..#..##.###..#
# #.#.....# ##.#
## #.......# .#


You could see an ogre (extremely poisoned).

Vanquished Creatures
  2 necrophages
  A scorpion (D:5)
  A jelly (D:4)
  Jessica (D:2)
  An orc wizard (D:5)
  2 iguanas (D:4)
  An adder (D:2)
  4 gnolls
  3 dart slugs
  5 orcs
  10 ball pythons
  3 endoplasms
  4 giant cockroaches
  3 hobgoblins (D:2)
  4 quokkas
  4 bats
  3 frilled lizards (D:1)
  8 goblins
  7 kobolds
  6 rats
73 creatures vanquished.

Notes
Turn   | Place    | Note
-------+----------+-------------------------------------------
     0 | D:1      | Firecrotchwizard the Gargoyle Earth Elementalist began the
                  | quest for the Orb.
     0 | D:1      | Reached XP level 1. HP: 10/10 MP: 3/3
   240 | D:1      | Reached skill level 1 in Transmutations
   314 | D:1      | Reached XP level 2. HP: 15/15 MP: 3/5
   325 | D:1      | Reached skill level 4 in Earth Magic
   955 | D:1      | Reached XP level 3. HP: 19/19 MP: 1/6
  1170 | D:2      | Found Ekatzock's Weapon Emporium.
  1263 | D:2      | Noticed Jessica
  1264 | D:2      | Killed Jessica
  1265 | D:2      | Reached skill level 5 in Earth Magic
  1265 | D:2      | Reached XP level 4. HP: 24/24 MP: 5/7
  1316 | D:2      | Found Ylager's Assorted Antiques.
  1420 | D:2      | Found Nexi's Book Emporium.
  1509 | D:2      | Found Byil Wou's Antique Weapon Shoppe.
  1545 | D:2      | Found Qaipy's Book Shop.
  1907 | D:3      | Noticed a necrophage
  1908 | D:3      | Found a faded altar of an unknown god.
  1931 | D:3      | Killed a necrophage
  1932 | D:3      | Reached skill level 2 in Transmutations
  1932 | D:3      | Reached XP level 5. HP: 18/28 MP: 7/9
  1940 | D:3      | Reached skill level 3 in Spellcasting
  2153 | D:3      | Found a transporter.
  2195 | D:3      | Learned a level 3 spell: Stone Arrow
  2249 | D:3      | Found a white marble altar of Elyvilon.
  2303 | D:3      | Found a shadowy altar of Dithmenos.
  2396 | D:3      | Found a transporter.
  2668 | D:4      | Noticed Eustachio
  2875 | D:4      | Reached skill level 1 in Conjurations
  2875 | D:4      | Reached skill level 6 in Earth Magic
  2875 | D:4      | Reached XP level 6. HP: 27/32 MP: 7/10
  3001 | D:4      | Noticed Sigmund
  3034 | D:5      | Entered Level 5 of the Dungeon
  3116 | D:5      | Reached skill level 2 in Conjurations
  3297 | D:5      | Slain by an ogre

Illustrated notes

Levels and vault maps discovered:
D:1:      erik_arrival_orb_chamber, layout_basic
D:2:      layout_loops_ring, serial_shops, shop_coins, shop, shop, shop,
          nicolae_diamond_shop, minmay_misc_feat_tower,
          hangedman_decor_slide_cut, minivault_4, uniq_jessica
D:3:      gammafunk_wand_slinger, layout_rooms, general_overflow_altar,
          grunt_dithmenos_smoke_and_mirrors, basic_ecumenical_altar
D:4:      layout_basic, roderic_lattice_a, kennysheep_generic_room_11,
          uniq_sigmund, uniq_eustachio
D:5:      layout_rooms, fedhas_altar_1, lemuel_zombie_altar_yredelemnul,
          lightli_corner_chamber

Skill      XL: |  1  2  3  4  5  6 |
---------------+-------------------+-----
Transmutations | 1 2 |  2.0
Earth Magic    | 4 5 6 |  6.9
Spellcasting   | 3 |  3.6
Conjurations   | 1 2 |  2.2
Dodging        | |  1.5
Stealth        | |  2.1

Action                     |  1- 3 |  4- 6 || total
---------------------------+-------+-------++-------
  Melee: Dagger            |    49 |       ||    49
         Whip              |    15 |   137 ||   152
         Punch             |     1 |     2 ||     3
  Throw: Stone             |     1 |       ||     1
   Cast: Sandblast         |    23 |    13 ||    36
    Use: Scroll            |       |     8 ||     8
   Stab: Sleeping          |     1 |     3 ||     4
         Distracted        |     1 |       ||     1
 Armour: Robe              |    14 |    47 ||    61
  Dodge: Dodged            |    54 |    95 ||   149

Table legend: (Time is in decaauts)
 A = Elapsed time spent in this place.
 B = Non-inter-level travel time spent in this place.
 C = Inter-level travel time spent in this place.
 D = Time resting spent in this place.
 E = Time spent auto-exploring this place.
 F = Levels seen in this place.
 G = Mean time per level.
                   A        B        C        D        E       F      G
               +--------+--------+--------+--------+--------+-----+--------+
         Total |   3328 |   3206 |    122 |    191 |   2340 |   5 |  665.6 |
       Dungeon |   3328 |   3206 |    122 |    191 |   2340 |   5 |  665.6 |
               +--------+--------+--------+--------+--------+-----+--------+

Top non-repeatable levels by time:
     D:1: 1074 daAuts
     D:2: 843 daAuts
     D:3: 601 daAuts
     D:4: 540 daAuts
     D:5: 268 daAuts

Table legend:
 A = Kills in this place as a percentage of kills in entire the game.
 B = Kills by you in this place as a percentage of kills by you in the entire game.
 C = Kills by friends in this place as a percentage of kills by friends in the entire game.
 D = Other kills in this place as a percentage of other kills in the entire game.
 E = Experience gained in this place as a percentage of experience gained in the entire game.
 F = Experience gained in this place divided by the number of levels of this place that you have seen.
                   A       B       C       D       E      F
               +-------+-------+-------+-------+-------+----------------------
         Total | 100.0 | 100.0 |   N/A |   N/A | 100.0 | 122.8
       Dungeon | 100.0 | 100.0 |   N/A |   N/A | 100.0 | 122.8
               +-------+-------+-------+-------+-------+----------------------
